 Dungeon Crawl Stone Soup version 0.31.0-9-g3a7656b989 (webtiles) character file.

Game seed: 2113310272913800057

32 qw the Shooter (level 3, 0/18 HPs)
             Began as a Spriggan Hunter on Feb 2, 2024.
             Succumbed to their own poison gas
             ... on level 1 of the Dungeon.
             The game lasted 00:00:02 (768 turns).

qw the Shooter (Spriggan Hunter)                     Turns: 768, Time: 00:00:02

Health: 0/18       AC:  2    Str:  7    XL:     3   Next: 8%
Magic:  4/4        EV: 19    Int: 10    God:
Gold:   43         SH:  0    Dex: 20    Spells: 2/2 levels left

rFire   . . .        a - +0 shortbow
rCold   . . .        (shield currently unavailable)
rNeg    . . .        c - +0 robe
rPois   .            (helmet restricted)
rElec   .            (no cloak)
rCorr   .            (gloves unavailable)
SInv    +            (boots unavailable)
Will    .....        (no amulet)
Stlth   ++           (no ring)
HPRegen 0.23/turn    (no ring)
MPRegen 0.09/turn

%: no passive effects
@: mighty, lethally poisoned (0 -> -8), very quick
A: very small, no large weapons, unfitting armour, see invisible, speed 3
a: no special abilities


You were on level 1 of the Dungeon.
You visited 1 branch of the dungeon, and saw 1 of its levels.

You collected 43 gold pieces.


Innate Abilities, Weirdness & Mutations

You are very small and have problems with some larger weapons.
You are too small for most types of armour.
You have supernaturally acute eyesight. (SInv)
You cover ground extremely quickly. (Speed+++)


   Skills:
 - Level 1.5 Fighting
 + Level 4.4 Ranged Weapons
 - Level 4.0 Dodging
 - Level 1.5 Stealth


You had 2 spell levels left.
You didn't know any spells.
Your spell library was empty.

Inventory:

Hand Weapons
 a - a +0 shortbow (weapon)
Armour
 c - a +0 robe (worn)
Scrolls
 e - a scroll of teleportation
Potions
 g - a potion of attraction {unknown}
 h - a potion of might
 i - a potion of degeneration {unknown}
 j - a potion of curing {unknown}

Dungeon Overview and Level Annotations

Branches:
Dungeon (1/15)

Altars:


Message History

It was a scroll of poison.
Done exploring.
760 ||| READING scroll labelled IGUB FOUQYRCH.
As you read the scroll labelled IGUB FOUQYRCH, it crumbles to dust.
You assume a fearsome visage.
Nothing appears to happen.
It was a scroll of fear.
Done exploring.
761 ||| DRINKING 2 sapphire potions.
It was a potion of might.
You feel very mighty all of a sudden.
Done exploring.
762 ||| DROPPING scroll of butterflies.
You drop a scroll of butterflies.
Done exploring.
What level of the Dungeon? (default 1, ? - help) Sorry, I don't know how to get there.
Enter note:
Enter note:
Enter note:
Enter note:
Enter note:
Enter note:
Enter note:
Enter note:
Enter note:
Enter note:
Enter note:
Enter note: You are engulfed in poison gas.
You are lethally poisoned!
You feel very sick.
764 ||| Stepping ~*~*~tactically~*~*~ (cloud).
You feel very sick.
You see here a scroll of butterflies.
There is a lethal amount of poison in your body!
You feel very sick.
There is a lethal amount of poison in your body!
You feel very sick.
There is a lethal amount of poison in your body!
You feel sick.
There is a lethal amount of poison in your body!
You die...

###########.
#.........#.
#.#######.#.
#.####......
#.#.........
#.#######.#.
#.#######.#.
#######.#.......#.
#@¤¤0¤#.....######
######00¤00#.....######
#....¤00¤¤¤#.....#.....
#...¤¤00¤0¤#.%...#.....
#..¤¤¤000¤0#.#.###.....
#.¤00¤0#####.#.# #.....
#0¤00¤0# #.#.###.....
#¤000¤0# ###.#..%......
#......# #...#####...##


There were no monsters in sight!

Vanquished Creatures
  A dart slug (D:1)
  4 ball pythons (D:1)
  5 bats (D:1)
  A giant cockroach (D:1)
  A goblin (D:1)
  5 hobgoblins (D:1)
  2 quokkas (D:1)
  A frilled lizard (D:1)
  5 kobolds (D:1)
25 creatures vanquished.

Notes
Turn   | Place    | Note
-------+----------+-------------------------------------------
     0 | D:1      | qw the Spriggan Hunter began the quest for the Orb.
     0 | D:1      | Reached XP level 1. HP: 10/10 MP: 2/2
     0 | D:1      | 0 ||| qw: Version: 0.3-a-155-g5e7d8dd
     0 | D:1      | 0 ||| qw: Game counter: 1312
     0 | D:1      | 0 ||| qw: Melee chars always use a shield: true
     0 | D:1      | 0 ||| qw: God list: Okawaru
     0 | D:1      | 0 ||| qw: Allow faded altars: false
     0 | D:1      | 0 ||| qw: Do Orc after clearing Dungeon:15 true
     0 | D:1      | 0 ||| qw: Do second Lair branch before Depths: true
     0 | D:1      | 0 ||| qw: Lair rune preference: random
     0 | D:1      | 0 ||| qw: Goals: Normal
     0 | D:1      | 0 ||| PLANNING D:1-11
    45 | D:1      | Reached skill level 3 in Dodging
   144 | D:1      | Reached XP level 2. HP: 11/14 MP: 3/3
   512 | D:1      | Found a faded altar of an unknown god.
   518 | D:1      | Reached XP level 3. HP: 18/18 MP: 4/4
   753 | D:1      | 753 ||| READING scroll labelled QIUL RIDDYTEO.
   754 | D:1      | 754 ||| READING 2 scrolls labelled LEATEL KIKAEHYQ.
   759 | D:1      | 759 ||| READING scroll labelled GOITTA REDIWK.
   760 | D:1      | 760 ||| READING scroll labelled IGUB FOUQYRCH.
   761 | D:1      | 761 ||| DRINKING 2 sapphire potions.
   762 | D:1      | 762 ||| DROPPING scroll of butterflies.
   764 | D:1      | 764 ||| Stepping ~*~*~tactically~*~*~ (cloud).
   766 | D:1      | HP: 4/18 [poisoned by you (poison gas)]
   768 | D:1      | Succumbed to their own poison gas

Levels and vault maps discovered:
D:1:      minmay_arrival_wavy_path, layout_basic, basic_ecumenical_altar,
          minmay_pentomino_p2

Skill      XL: |  1  2 |
---------------+-------+-----
Dodging        | 3 4 |  4.0
Fighting       | |  1.5
Ranged Weapons | |  4.4
Stealth        | |  1.5

Action                     || total
---------------------------++-------
   Fire: Shortbow          ||    53
    Use: Scroll            ||     4
         Potion            ||     1
 Armour: Robe              ||     5
  Dodge: Dodged            ||    13

Table legend:
 A = Non-vault XP
 B = Vault XP
 C = Vault XP percentage of total XP
 D = Non-vault monster count
 E = Vault monster count
 F = Vault count percentage of total count
                 A         B        C        D         E       F
            +---------+---------+-------+---------+---------+-------
      Total |      45 |       1 |   2.2 |      24 |       1 |   4.0
            +---------+---------+-------+---------+---------+-------
        D:1 |      45 |       1 |   2.2 |      24 |       1 |   4.0
            +---------+---------+-------+---------+---------+-------
